 Dungeon Crawl Stone Soup version 0.31-a0-1236-gaa9e43cceb (webtiles) character file.

Game seed: 13655447027139083765

44 Ivernyr the Shield-Bearer (level 3, -3/30 HPs)
             Began as a Formicid Fighter on Dec 15, 2023.
             Slain by Grinder (4 damage)
             ... on level 3 of the Dungeon.
             The game lasted 00:02:34 (1530 turns).

Ivernyr the Shield-Bearer (Formicid Fighter)        Turns: 1530, Time: 00:02:36

Health: -3/30      AC:  6    Str: 22    XL:     3   Next: 87%
Magic:  3/3        EV: 10    Int:  7    God:
Gold:   91         SH:  5    Dex: 13    Spells: 2/2 levels left

rFire   . . .        a - +0 quarterstaff
rCold   . . .        c - +0 buckler
rNeg    . . .        b - +2 leather armour of Elliof {rElec}
rPois   .            (helmet unavailable)
rElec   +            k - +0 cloak
rCorr   +            (no gloves)
SInv    +            (no boots)
Will    .....        (no amulet)
Stlth   +            n - ring of resist corrosion
HPRegen 0.25/turn    (no ring)
MPRegen 0.08/turn

%: no passive effects
@: no status effects
A: permanent stasis, dig shafts and tunnels, antennae 3, four strong arms
a: Dig, Shaft Self


You were on level 3 of the Dungeon.
You visited 1 branch of the dungeon, and saw 3 of its levels.

You collected 91 gold pieces.

Inventory:

Hand Weapons
 a - a +0 quarterstaff (weapon)
Armour
 b - the +2 leather armour of Elliof (worn) {rElec}
   (You found it on level 2 of the Dungeon)

   rElec:     It insulates you from electricity.
 c - a +0 buckler (worn)
 k - a +0 cloak (worn)
Jewellery
 n - a ring of resist corrosion (left hand)
 p - a +4 ring of protection
Scrolls
 f - 5 scrolls of identify {unknown}
 g - a scroll of fog {unknown}
 h - 2 scrolls of blinking {unknown}
 i - a scroll of fear {unknown}
 q - a scroll of vulnerability {unknown}
Potions
 d - 2 potions of might
 e - 2 potions of mutation {unknown}
 j - a potion of enlightenment {unknown}
 l - 2 potions of cancellation {unknown}
 m - 3 potions of lignification {unknown}
 o - a potion of degeneration {unknown}


   Skills:
 + Level 3.6 Fighting
 * Level 2.9 Staves
 + Level 3.6 Armour
 + Level 4.4 Shields


You had 2 spell levels left.
You didn't know any spells.
Your spell library contained the following spells:

 Spells                   Type           Power      Damage    Failure   Level
 Sublimation of Blood     Necr           0%         N/A       69%         2
 Wereblood                Tmut           0%         N/A       69%         2
 Gell's Gravitas          Tloc           0%         N/A       89%         3
 Teleport Other           Tloc           0%         N/A       89%         3
 Dispersal                Tloc           0%         N/A       100%        6
 Summon Hydra             Summ           0%         N/A       100%        7


Dungeon Overview and Level Annotations

Branches:
Dungeon (3/15)

Altars:

Shops:
D:1 :

Annotations:
D:3 Grinder


Innate Abilities, Weirdness & Mutations

You cannot be hasted, slowed, berserked, paralysed or teleported.
You can dig through walls and to a lower floor.
You have a pair of large antennae on your head. (SInv)
Your four strong arms can wield two-handed weapons with a shield.


Message History

You closely miss Grinder. Grinder barely misses you.
You closely miss Grinder. Grinder hits you but does no damage.
You sock Grinder!
Grinder is moderately wounded.
Grinder hits you.
You writhe in agony.
You closely miss Grinder.
Grinder is moderately wounded.
Grinder blinks!
Grinder says, "Wait up."
Grinder blinks!
Grinder gestures at you. Pain shoots through your body!
There is a stone staircase leading up here.
You climb upwards.
There is a stone staircase leading down here.
You start resting.
HP restored.
You climb downwards.
Level annotation: Grinder
There is a stone staircase leading up here.
Grinder hits you.
You writhe in agony.
You sock Grinder!
Grinder is moderately wounded.
Grinder hits you.
You writhe in agony.
You hit Grinder.
Grinder is heavily wounded.
Grinder barely misses you. Grinder hits you.
You writhe in agony.
You closely miss Grinder.
Grinder is heavily wounded.
Grinder gestures at you. Pain shoots through your body!
* * * LOW HITPOINT WARNING * * *
There is a stone staircase leading up here.
You closely miss Grinder.
Grinder is heavily wounded.
Grinder hits you.
* * * LOW HITPOINT WARNING * * *
You writhe in agony.
You die...
Grinder says, "Hey, I wasn't done torturing you yet!"

### #@###
#5..# ##
#...#..##
###.....#
##....#
.....#
##...#
..... {
...ยง


You could see Grinder.

Vanquished Creatures
  An adder (D:2)
  A dart slug (D:2)
  2 ball pythons (D:1)
  3 bats
  6 endoplasms
  4 goblins (D:2)
  3 hobgoblins
  2 quokkas (D:1)
  A frilled lizard (D:1)
  5 kobolds (D:1)
  2 rats
30 creatures vanquished.

Notes
Turn   | Place    | Note
-------+----------+-------------------------------------------
     0 | D:1      | Ivernyr the Formicid Fighter began the quest for the Orb.
     0 | D:1      | Reached XP level 1. HP: 18/18 MP: 1/1
   281 | D:1      | Reached XP level 2. HP: 23/24 MP: 2/2
   604 | D:1      | Found Bimebis's Vocational Training.
   878 | D:2      | Reached XP level 3. HP: 29/29 MP: 3/3
   881 | D:2      | Identified the +2 leather armour of Elliof {rElec}
  1450 | D:3      | Noticed Grinder
  1530 | D:3      | HP: 1/30 [Grinder (5)]
  1530 | D:3      | Slain by Grinder

Illustrated notes

Levels and vault maps discovered:
D:1:      matt_arrival_grand_opening, layout_basic, minmay_misc_feat_five,
          minivault_11, nicolae_shop_vocational
D:2:      layout_rooms
D:3:      layout_rooms, minitemple, uniq_grinder

Action                     || total
---------------------------++-------
  Melee: Quarterstaff      ||    80
 Armour: Scale mail        ||    20
         Leather armour    ||    32
  Dodge: Dodged            ||    34
  Block: Buckler           ||    26

Table legend: (Time is in decaauts)
 A = Elapsed time spent in this place.
 B = Non-inter-level travel time spent in this place.
 C = Inter-level travel time spent in this place.
 D = Time resting spent in this place.
 E = Time spent auto-exploring this place.
 F = Levels seen in this place.
 G = Mean time per level.
                   A        B        C        D        E       F      G
               +--------+--------+--------+--------+--------+-----+--------+
         Total |   1547 |   1515 |     32 |     59 |   1166 |   3 |  515.7 |
       Dungeon |   1547 |   1515 |     32 |     59 |   1166 |   3 |  515.7 |
               +--------+--------+--------+--------+--------+-----+--------+

Top non-repeatable levels by time:
     D:1: 878 daAuts
     D:2: 648 daAuts
     D:3: 21 daAuts
